 Dungeon Crawl Stone Soup version 0.31.0-32-g396128a36d (webtiles) character file.

Game seed: 14975418542348960245

1264 Vermonster the Changeling (level 8, -8/57 HPs)
             Began as an Octopode Shapeshifter on Mar 25, 2024.
             Mangled by Edmund
             ... wielding a +1 flail of protection
              (9 damage)
             ... on level 6 of the Dungeon.
             The game lasted 00:04:40 (4365 turns).

Vermonster the Changeling (Octopode Shapeshifter)   Turns: 4365, Time: 00:04:41

Health: -8/57      AC:  1    Str: 13    XL:     8   Next: 52%
Magic:  0/8        EV: 13    Int: 22    God:
Gold:   278        SH:  0    Dex: 13    Spells: 7/7 levels left

rFire   . . .        k - +7 whip of Generosity {flame, Int+3}
rCold   . . .        (no shield)
rNeg    . . .        (helmet currently unavailable)
rPois   .            n - amulet of guardian spirit
rElec   .            I - +6 ring of intelligence
rCorr   .            (no ring)
SInv    .            (no ring)
Will    .....        (no ring)
Stlth   ++           (no ring)
HPRegen 0.29/turn    (no ring)
MPRegen 0.11/turn    (no ring)
                     (no ring)

%: guardian spirit
@: beast-form, hasted, very quick
A: beast (slay +4), almost no armour, amphibious, 8 rings, camouflage 1,
gelatinous body 1, (nimble swimmer 1), tentacles
a: Begin Untransformation


You were on level 6 of the Dungeon.
You were a hulking beast.
You visited 1 branch of the dungeon, and saw 6 of its levels.

You collected 278 gold pieces.


Innate Abilities, Weirdness & Mutations

You are a hulking beast.
Your limbs bulge with bestial killing power. (Slay +4)
You cannot wear most types of armour.
You are amphibious.
You can wear up to eight rings at the same time.
Your skin changes colour to match your surroundings (Stealth+).
Your rubbery body absorbs attacks. (AC +1, EV +1)
((You are camouflaged when in or above water. (Stealth+)))
You have tentacles for arms and can constrict up to eight enemies at once.


   Skills:
 - Level 6.0 Fighting
 - Level 2.0 Dodging
 + Level 4.1 Unarmed Combat
 + Level 7.5 Shapeshifting


You had 7 spell levels left.
You didn't know any spells.
Your spell library contained the following spells:

 Spells                   Type           Power      Damage    Failure   Level
 Slow                     Hex            0%         N/A       17%         1
 Confusing Touch          Hex            0%         N/A       45%         3
 Sigil of Binding         Hex            0%         N/A       45%         3
 Vampiric Draining        Necr           0%         2d6       45%         3

Inventory:

Hand Weapons
 j - a +2 dagger of venom
 k - the +7 whip of Generosity (weapon) {flame, Int+3}
   (You found it on level 2 of the Dungeon)

   Int+3:     It affects your intelligence (+3).
Missiles
 g - a throwing net {=f}
Jewellery
 n - an amulet of guardian spirit (around mantle)
 I - a +6 ring of intelligence (left tentacle)
Talismans
 b - a beast talisman
 c - a flux talisman
 w - a blade talisman
Wands
 r - a wand of flame (18)
Scrolls
 f - a scroll of blinking {unknown}
 h - a scroll of torment {unknown}
 m - 3 scrolls of identify {unknown}
 o - a scroll of vulnerability {unknown}
 s - a scroll of poison {unknown}
 t - a scroll of teleportation {unknown}
Potions
 a - 2 potions of lignification
 d - 2 potions of curing {unknown}
 e - a potion of degeneration {unknown}
 i - a potion of invisibility {unknown}
 l - a potion of haste {@q3}
 p - a potion of brilliance {unknown}
 q - a potion of magic {unknown}
 u - a potion of enlightenment {unknown}
 v - a potion of heal wounds {unknown}
 x - a potion of mutation {unknown}

Dungeon Overview and Level Annotations

Branches:
Dungeon (6/15)
 Temple: D:4-7

Altars:
Vehumet
Wu Jian

Shops:
D:3 =

Annotations:
D:6 Edmund

▒.▒
▒▒▒▒▒.▒
▒.....▒
▒.▒▒▒▒▒
▒.▒ ▒.▒
▒.▒ ▒.▒
▒h▒ ▒@▒


ooo...oo▒ ▒.▒▒▒▒..? ▒.▒▒▒ ▒. .. .. ▒▒▒ You could see Edmund and 2 orcs.


Message History

It was a potion of haste.
You feel yourself speed up. Something barely misses you.
Unknown command.
You miss something. Something hits you.
* * * LOW HITPOINT WARNING * * *
You whack something! You burn something.
You hear some strange, mumbled words.
A magic dart appears from out of thin air!
The magic dart hits you!
* * * LOW HITPOINT WARNING * * *
Unknown command.
You whack something! You burn something.
Reactivating autopickup.
You feel a bit more experienced.
You whack Edmund! You burn Edmund. You grab Edmund.
You squeeze Edmund, but do no damage.
Edmund is lightly wounded.
You constrict Edmund, but do no damage.
Unknown command.
You whack Edmund! You burn Edmund.
Edmund is heavily wounded.
You constrict Edmund, but do no damage.
Edmund hits you with a +1 flail of protection!
* * * LOW HITPOINT WARNING * * *
You whack Edmund! You burn Edmund.
Edmund is severely wounded.
You constrict Edmund.
Edmund hits you with a +1 flail of protection!
You die...
Edmund whines, "They better pay attention to me now!"

Skill      XL: |  1  2  3  4  5  6  7  8 |
---------------+-------------------------+-----
Fighting       | 2 3 5 6 |  6.0
Shapeshifting  | 4 6 7 |  7.5
Unarmed Combat | 4 |  4.1
Dodging        | |  2.0

Action                     |  1- 3 |  4- 6 |  7- 9 || total
---------------------------+-------+-------+-------++-------
  Melee: Unarmed           |    59 |       |       ||    59
         Constrict         |    21 |    10 |    26 ||    57
         Whip              |     6 |    65 |    99 ||   170
         Tentacles         |     6 |     7 |    20 ||    33
         Dagger            |     5 |     1 |       ||     6
         Punch             |     2 |     1 |     2 ||     5
    Use: Potion            |       |       |     1 ||     1
   Stab: Sleeping          |     6 |    11 |     4 ||    21
 Armour: Skin              |    28 |    26 |    54 ||   108
  Dodge: Dodged            |    47 |    24 |    87 ||   158

Levels and vault maps discovered:
D:1:      scummos_arrival_gate, layout_rooms, hellmonk_ecumenical_altar_run_dry
D:2:      cheibrodos_greedy_goblins, layout_loops_ring
D:3:      kennysheep_six_static_rooms, layout_basic,
          mainiacjoe_overflow_concentric_impassable, nicolae_shop_unique_rings,
          uniq_sigmund
D:4:      layout_loops_ring, chequers_serial_rivers_large_a, goddamned_bats
D:5:      layout_cave_pods, nicolae_wu_jian_glorious_leap
D:6:      kennysheep_spiral_hall, layout_loops_ring, tgw_kikubaaqudgha,
          uniq_edmund, uniq_duvessa

Notes
Turn   | Place    | Note
-------+----------+-------------------------------------------
     0 | D:1      | Vermonster the Octopode Shapeshifter began the quest for
                  | the Orb.
     0 | D:1      | Reached XP level 1. HP: 13/13 MP: 1/1
    57 | D:1      | Reached skill level 2 in Fighting
    57 | D:1      | Reached XP level 2. HP: 16/19 MP: 2/2
   170 | D:1      | Found a faded altar of an unknown god.
   353 | D:1      | Reached XP level 3. HP: 16/25 MP: 3/3
   361 | D:1      | Reached skill level 3 in Fighting
   853 | D:2      | Reached XP level 4. HP: 30/33 MP: 4/4
   882 | D:2      | Identified the +7 whip of Generosity {flame, Int+3}
   975 | D:2      | Reached skill level 4 in Fighting
  1248 | D:3      | Found a radiant altar of Vehumet.
  1298 | D:3      | Found Budgha's One-of-a-Kind Rings.
  1450 | D:3      | Noticed Sigmund
  1456 | D:3      | Killed Sigmund
  1457 | D:3      | Reached skill level 5 in Fighting
  1457 | D:3      | Reached XP level 5. HP: 21/39 MP: 5/5
  1457 | D:3      | Reached XP level 6. HP: 25/45 MP: 6/6
  1808 | D:3      | Identified the +1 robe "Fuikhli" {Dex+2}
  2012 | D:3      | Identified the +4 chain mail "Zomeoh" {Will++ Str-3 Dex+2}
  2229 | D:4      | Reached skill level 4 in Shapeshifting
  2444 | D:4      | Reached skill level 6 in Fighting
  2456 | D:4      | Reached XP level 7. HP: 52/52 MP: 7/7
  2623 | D:4      | Reached skill level 5 in Shapeshifting
  3026 | D:5      | Entered Level 5 of the Dungeon
  3188 | D:5      | Noticed a steam dragon
  3195 | D:5      | Killed a steam dragon
  3196 | D:5      | Reached skill level 6 in Shapeshifting
  3205 | D:5      | HP: 5/52 [gnoll/+0 flail[a gnoll sergeant] (5)]
  3208 | D:5      | HP: 2/52 [gnoll/+0 whip[a gnoll sergeant] (4)]
  3210 | D:5      | Reached XP level 8. HP: 2/57 MP: 0/8
  3626 | D:5      | Reached skill level 7 in Shapeshifting
  3951 | D:5      | Found an ornate altar of the Wu Jian Council.
  4352 | D:6      | Noticed Edmund
  4358 | D:6      | Reached skill level 4 in Unarmed Combat
  4364 | D:6      | HP: 1/57 [Edmund/+1 flail of protection (6)]
  4365 | D:6      | Mangled by Edmund

Vanquished Creatures
  Sigmund (D:3)
  A steam dragon (D:5)
  An orc warrior (D:6)
  An ogre (D:5)
  A gnoll sergeant (D:5)
  2 scorpions (D:4)
  A vampire bat (D:4)
  A hound (D:4)
  An orc priest (D:5)
  A jelly (D:4)
  3 iguanas (D:5)
  3 orc wizards
  A sleepcap (D:4)
  5 adders
  5 gnolls (D:5)
  A white imp (D:5)
  2 ufetubi (D:6)
  A ribbon worm (D:3)
  2 dart slugs
  3 fire bats (D:4)
  16 orcs
  2 spectral bats (D:4)
  3 bat skeletons (D:4)
  A bat zombie (D:4)
  6 endoplasms
  6 giant cockroaches
  16 goblins
  11 hobgoblins
  3 jackals (D:1)
  3 quokkas
  6 ball pythons
  13 bats
  A bat simulacrum (D:4)
  5 frilled lizards
  8 kobolds
  4 rats
141 creatures vanquished.

Table legend: (Time is in decaauts)
 A = Elapsed time spent in this place.
 B = Non-inter-level travel time spent in this place.
 C = Inter-level travel time spent in this place.
 D = Time resting spent in this place.
 E = Time spent auto-exploring this place.
 F = Levels seen in this place.
 G = Mean time per level.
                   A        B        C        D        E       F      G
               +--------+--------+--------+--------+--------+-----+--------+
         Total |   4373 |   4216 |    157 |    259 |   3257 |   6 |  728.8 |
       Dungeon |   4373 |   4216 |    157 |    259 |   3257 |   6 |  728.8 |
               +--------+--------+--------+--------+--------+-----+--------+

Top non-repeatable levels by time:
     D:5: 1170 daAuts
     D:4: 1013 daAuts
     D:3: 770 daAuts
     D:2: 675 daAuts
     D:1: 570 daAuts
     D:6: 173 daAuts

Table legend:
 A = Non-vault XP
 B = Vault XP
 C = Vault XP percentage of total XP
 D = Non-vault monster count
 E = Vault monster count
 F = Vault count percentage of total count
                 A         B        C        D         E       F
            +---------+---------+-------+---------+---------+-------
      Total |    1387 |     419 |  23.2 |     104 |      37 |  26.2
            +---------+---------+-------+---------+---------+-------
        D:1 |      51 |       0 |   0.0 |      29 |       0 |   0.0
        D:2 |      54 |      20 |  27.0 |      17 |      10 |  37.0
        D:3 |      14 |     221 |  94.0 |       7 |       7 |  50.0
        D:4 |     336 |     178 |  34.6 |      18 |      20 |  52.6
        D:5 |     749 |       0 |   0.0 |      29 |       0 |   0.0
        D:6 |     183 |       0 |   0.0 |       4 |       0 |   0.0
            +---------+---------+-------+---------+---------+-------
